 Dungeon Crawl Stone Soup version 0.23-a0-373-g305c090 (webtiles) character file.

109 Gorglomux the Covered (level 4, 22/42 HPs)
             Began as a Deep Dwarf Fighter on Aug 6, 2018.
             Quit the game on level 2 of the Dungeon on Oct 25, 2018.
             The game lasted 00:04:26 (1378 turns).

Gorglomux the Covered (Deep Dwarf Fighter)          Turns: 1378, Time: 00:04:26

Health: 22/42      AC:  7    Str: 20    XL:     4   Next: 60%
Magic:  4/4        EV:  7    Int:  9    God:
Gold:   146        SH:  9    Dex: 12    Spells: 3/3 levels left

rFire    . . .     SeeInvis .   a - +0 war axe
rCold    . . .     Gourm    .   c - +0 shield
rNeg     . . .     Faith    .   b - +0 scale mail
rPois    .         Spirit   .   (no helmet)
rElec    .         Reflect  .   (no cloak)
rCorr    .         Harm     .   (no gloves)
MR       .....                  (no boots)
Stlth    ..........             (no amulet)
HPRegen  0.00/turn              (no ring)
MPRegen  0.09/turn              (no ring)

@: non-regenerating
A: damage resistance, heal wounds, sense surroundings 1, no regeneration
a: Heal Wounds


You were on level 2 of the Dungeon.
You were not hungry.

You visited 1 branch of the dungeon, and saw 2 of its levels.

You collected 146 gold pieces.

Inventory:

Hand Weapons
 a - a +0 war axe (weapon)
Missiles
 Z - a throwing net (quivered)
Armour
 b - a +0 scale mail (worn)
 c - a +0 shield (worn)
Scrolls
 i - a scroll of random uselessness {unknown}
 j - 4 scrolls of identify {unknown}
 k - a scroll of remove curse {unknown}
 l - a scroll of teleportation {unknown}
 n - a scroll of enchant weapon {unknown}
 o - a scroll of amnesia {unknown}
Potions
 d - a potion of might
 g - a potion of lignification {unknown}
 m - a potion of curing {unknown}
 p - a potion of agility {unknown}
 r - 2 potions of invisibility {unknown}
Comestibles
 f - 7 rations


   Skills:
 - Level 3.3 Fighting
 - Level 3.1 Axes
 + Level 4.4 Armour
 - Level 4.0 Shields


You had 3 spell levels left.
You didn't know any spells.
Your spell library contained the following spells:

 Spells                   Type           Power        Failure   Level  Hunger
 Corona                   Hex            #......      99%         1    ##.....
 Ensorcelled Hibernation  Hex/Ice        #.....       100%        2    ###....
 Confuse                  Hex            #.......     100%        3    ####...
 Dazzling Spray           Conj/Hex       #.....       100%        3    ####...
 Tukima's Dance           Hex            #.......     100%        3    ####...


Dungeon Overview and Level Annotations

Branches:
Dungeon (2/15)

Altars:


Innate Abilities, Weirdness & Mutations

You are resistant to damage.
You can heal yourself by infusing magical energy.
You passively map a small area around you.
You do not regenerate.


Message History

No butt in view!!!
No target in view!!!
Butt target in view!!!
No target in view!!!
No target in butt!!!
No target in view!!!
No target in view!!!
No target in view!!!
No target in view!!!
No target in view!!!
No target in view!!!
Done butt!
Done exploring!
Done exploring!
Done exploring!
Are you sure you want to abandon this character and quit the game? (Confirm Butt, then!
Unknown command!
Unknown command!
Are you sure you want to abandon this character and quit the game? (Confirm

.##...............<............#.
.##.#.####.######.###.#######..#.
.##.#.# #.# #.# #............
###.#.# #.# #.# #..#####.....
#.#.####.######.# #..# #.#.##
#.#...).........# #..# #.#.#
#.######.##########..### #.#.#
#.# #.# #.........# #.#.# #.# #.#
#@####.######.### #.# #.#
#.............# #.### #.#
#.####.########### #...# #.# #.#
#..........รท. ###.####.# #.#
############# #......# ###
########


There were no monsters in sight!

Vanquished Creatures
  4 gnolls (D:2)
  An adder (D:2)
  5 dart slugs
  2 leopard geckos (D:1)
  4 giant cockroaches
  3 goblins
  7 hobgoblins
  3 jackals (D:1)
  4 kobolds
  6 bats
  5 frilled lizards
  6 rats
50 creatures vanquished.

Notes
Turn   | Place    | Note
-------+----------+-------------------------------------------
     0 | D:1      | Gorglomux the Deep Dwarf Fighter began the quest for the
                  | Orb.
     0 | D:1      | Reached XP level 1. HP: 20/20 MP: 1/1
     0 | D:1      | Upgraded the game from 0.23-a0-49-gd9f7a49 to
                  | 0.23-a0-61-g4bf3f6c
    45 | D:1      | Reached XP level 2. HP: 27/27 MP: 2/2
   132 | D:1      | Reached skill level 3 in Fighting
   255 | D:1      | Reached XP level 3. HP: 30/34 MP: 3/3
   582 | D:2      | Reached skill level 3 in Axes
   585 | D:2      | Reached XP level 4. HP: 25/42 MP: 4/4
   686 | D:2      | Upgraded the game from 0.23-a0-61-g4bf3f6c to
                  | 0.23-a0-373-g305c090
  1378 | D:2      | Quit the game

Vault maps used:
D:1:      minmay_arrival_hallway, kennysheep_flooded_box,
          minmay_misc_feat_plants
D:2:      lemuel_upstairs_altar

Skill      XL: |  1  2  3  4 |
---------------+-------------+-----
Fighting       | 3 |  3.3
Axes           | 3 |  3.1
Armour         | 4 |  4.4
Shields        | 4 |  4.0

Action                   |  1- 3 |  4- 6 || total
-------------------------+-------+-------++-------
Melee: War axe           |    81 |    35 ||   116
 Abil: Heal Wounds       |     1 |       ||     1
  Eat: Chunk             |       |     2 ||     2
Armor: Scale mail        |    66 |    13 ||    79
Dodge: Dodged            |    34 |    12 ||    46
Block: Shield            |    55 |    14 ||    69

Table legend:
 A = Non-vault XP
 B = Vault XP
 C = Vault XP percentage of total XP
 D = Non-vault monster count
 E = Vault monster count
 F = Vault count percentage of total count
                 A         B        C        D         E       F
            +---------+---------+-------+---------+---------+-------
      Total |     157 |       0 |   0.0 |      50 |       0 |   0.0
            +---------+---------+-------+---------+---------+-------
        D:1 |      62 |       0 |   0.0 |      32 |       0 |   0.0
        D:2 |      95 |       0 |   0.0 |      18 |       0 |   0.0
            +---------+---------+-------+---------+---------+-------
